 Dungeon Crawl Stone Soup version 0.31.0-12-g77e489cdc1 (webtiles) character file.

Game seed: 9552229923178196652

32288 hawla the Tortoise (level 13, -22/102 HPs)
             Began as a Minotaur Fighter on Feb 12, 2024.
             Was an Elder of Makhleb.
             Annihilated by a white ugly thing (33 damage)
             ... on level 14 of the Dungeon.
             The game lasted 00:33:35 (12847 turns).

hawla the Tortoise (Minotaur Fighter)              Turns: 12847, Time: 00:33:36

Health: -22/102    AC: 41    Str: 27    XL:     13   Next: 30%
Magic:  22/22      EV:  9    Int: 11    God:    Makhleb [****..]
Gold:   1072       SH:  5    Dex: 13    Spells: 12/12 levels left

rFire   + + .        m - +7 war axe "Newt's Doom" {protect, Fly Str+2}
rCold   . . .        c - +0 buckler
rNeg    . . .        D - +3 crystal plate armour
rPois   +            e - +0 hat
rElec   .            G - +1 cloak {Will+}
rCorr   +            J - +1 pair of gloves
SInv    .            (no boots)
Will    +....        O - amulet of Xanaon {Acrobat rF++ Regen+ rCorr Dex+2} Stlth
                     C - ring of poison resistance
HPRegen 1.17/turn    F - +6 ring of intelligence
MPRegen 0.18/turn

%: acrobat
@: under a protective aura, flying, studying Shields
A: horns 2, retaliatory headbutt
a: Renounce Religion, Minor Destruction, Lesser Servant of Makhleb, Major
Destruction


You were on level 14 of the Dungeon.
You worshipped Makhleb.
Makhleb was greatly pleased with you.
You visited 2 branches of the dungeon, and saw 15 of its levels.
You also visited: Ossuary and Bailey.

You collected 1228 gold pieces.
You spent 156 gold pieces at shops.

Inventory:

Hand Weapons
 a - a +4 war axe of venom
 m - the +7 war axe "Newt's Doom" (weapon) {protect, Fly Str+2}
   (You found it on level 2 of the Dungeon)

   Str+2:     It affects your strength (+2).
   Fly:       It grants you flight.
 o - a +0 demon blade of venom
Missiles
 B - a curare-tipped dart
Armour
 c - a +0 buckler (worn)
 e - a +0 hat (worn)
 D - a +3 crystal plate armour (worn)
 G - a +1 cloak of willpower (worn)
 J - a +1 pair of gloves (worn)
Jewellery
 p - a ring of fire
 C - a ring of poison resistance (left hand)
 F - a +6 ring of intelligence (right hand)
 O - the amulet of Xanaon (around neck) {Acrobat rF++ Regen+ rCorr Dex+2}
   (You found it on level 10 of the Dungeon)

   [amulet of the acrobat]

   Acrobat:   It increases your evasion while moving and waiting.
   Dex+2:     It affects your dexterity (+2).
   rF++:      It greatly protects you from fire.
   Regen+:    It increases your rate of health regeneration.
   rCorr:     It protects you from acid and corrosion.
Wands
 l - a wand of polymorph (6)
 q - a wand of paralysis (7)
 v - a wand of iceblast (32)
 E - a wand of quicksilver (6)
Scrolls
 h - a scroll of revelation
 i - 15 scrolls of teleportation
 u - 2 scrolls of identify
 y - 7 scrolls of immolation
 A - a scroll of poison
 I - 4 scrolls of fog
 M - a scroll of enchant weapon
 N - a scroll of fear
Potions
 b - 2 potions of lignification
 d - 2 potions of might
 f - 4 potions of invisibility
 g - 5 potions of enlightenment
 j - 2 potions of ambrosia
 k - 2 potions of cancellation
 r - 5 potions of haste
 s - 2 potions of heal wounds
 t - 8 potions of curing
 w - 2 potions of attraction
 x - 4 potions of magic {unknown}
 z - 2 potions of mutation {unknown}
 K - 2 potions of experience {unknown}
 L - a potion of berserk rage


   Skills:
 - Level 6.0 Fighting
 - Level 2.4 Axes
 - Level 6.0 Throwing
 - Level 18.0 Armour
 - Level 7.0 Dodging
 - Level 5.0 Shields
 + Level 13.7 Invocations
 - Level 3.0 Evocations


You had 12 spell levels left.
You didn't know any spells.
Your spell library was empty.

Dungeon Overview and Level Annotations

Branches:
Dungeon (14/15)            Temple (1/1) D:7            Lair (0/5) D:11
    Orc (0/2) D:11         Vaults (0/5) D:13        Ossuary (visited)
 Bailey (visited)

Altars:
Ashenzari
Cheibriados
Dithmenos
Elyvilon
Fedhas
Gozag
Hepliaklqana
Kikubaaqudgha
Makhleb
Nemelex Xobeh
Okawaru
Qazlal
Ru
Sif Muna
Trog
Uskayaw
Vehumet
Wu Jian
Xom
Yredelemnul
Zin
The Shining One

Shops:
D:8 (

Annotations:
D:8 dig the loot
D:12 4 transporters


Innate Abilities, Weirdness & Mutations

You have a pair of horns on your head.
You reflexively headbutt those who attack you in melee.


Message History

The purple ugly thing gores you!
You barely miss the cyan ugly thing.
The cyan ugly thing is heavily wounded.
You slash the purple ugly thing! The cyan ugly thing kicks you!
The cyan ugly thing shocks you!
The purple ugly thing basks in the mutagenic energy from its kin and changes!
The cyan ugly thing closely misses you. You furiously retaliate!
You headbutt the cyan ugly thing. You slash the cyan ugly thing!
You headbutt the cyan ugly thing, but do no damage.
The cyan ugly thing is severely wounded.
You slash the white ugly thing!
The purple ugly thing basks in the mutagenic energy from its kin and changes!
The cyan ugly thing kicks you but does no damage.
Unknown command.
You closely miss the cyan ugly thing.
Your headbutt misses the cyan ugly thing.
The cyan ugly thing is severely wounded.
You slash the white ugly thing!
The white ugly thing tentacle-slaps you but does no damage.
The cyan ugly thing basks in the mutagenic energy from its kin and changes!
You slash the white ugly thing!
You headbutt the white ugly thing, but do no damage.
The white ugly thing is almost dead.
You hit the white ugly thing but do no damage.
The white ugly thing closely misses you.
You furiously retaliate!
You headbutt the white ugly thing!
The white ugly thing tentacle-slaps you but does no damage.
The white ugly thing bites you. The white ugly thing freezes you!!
You slash the white ugly thing!
You kill the white ugly thing!
Makhleb accepts your kill.
You feel better.
You hit the white ugly thing. x2
The white ugly thing tentacle-slaps you.
The white ugly thing freezes you!!
* * * LOW HITPOINT WARNING * * *
The white ugly thing bites you.
* * * LOW HITPOINT WARNING * * *
The white ugly thing freezes you!!
You die...

.uu...# #$.##..(### ..## ((..###
..# #(.(....## ..# ##....(....#
...............#
#####..........###### ###
#........†.u†...##
..###.........=u@.#..### [#....
#..............##^.#...# .......
..............## #..##.##...#....
#####..........####..#....# #....
#..........#)......## #....
#####............###....#####....
...............### ##.#.....#....
#####..........######.#......#...
##......................)....


You could see 2 ugly things.

Vanquished Creatures
  Gastronok (D:8)
  A catoblepas (D:14)
  2 centaur warriors (D:14)
  An ogre mage (D:10)
  6 two-headed ogres
  2 boulder beetles
  An arcanist (D:13)
  4 deep elf pyromancers
  A deep elf zephyrmancer (D:13)
  An orc knight (Bailey)
  2 cyclopes
  2 manticores
  A shining eye (shapeshifter) (D:13)
  9 ugly things
  3 meliai (D:14)
  2 smoke demons (D:12)
  Joseph (D:10)
  3 unseen horrors (D:12)
  2 trolls
  A troll (shapeshifter) (D:13)
  A hornet (D:7)
  7 slime creatures
  A ynoxinul (D:12)
  A centaur simulacrum (D:10)
  A shadow (D:10)
  3 wraiths
  2 vampires
  18 yaks
  A basilisk (D:13)
  8 vampire mosquitoes
  4 steam dragons
  A chaos spawn (D:12)
  Edmund (D:4)
  Duvessa (D:6)
  2 water moccasins
  12 orc warriors
  2 black bears
  An ogre (D:5)
  7 centaurs
  A centaur (shapeshifter) (D:13)
  A phantom (D:7)
  4 kobold brigands
  Blork the orc (D:4)
  A bullfrog (D:6)
  A gnoll sergeant (D:10)
  26 wights
  Dowan (D:6)
  4 killer bees (D:8)
  6 howler monkeys (D:8)
  A hound (D:6)
  3 jellies
  3 bombardier beetles
  6 orc priests
  Crazy Yiuf (D:7)
  A sleepcap (D:4)
  9 orc wizards
  4 iguanas
  8 mummies (Ossuary)
  11 adders
  3 gnolls (D:10)
  A shadow imp (D:5)
  3 dart slugs
  3 ribbon worms
  48 orcs
  11 ball pythons
  2 bats
  4 endoplasms
  4 giant cockroaches
  4 gnoll zombies (Ossuary)
  8 hobgoblins
  6 quokkas
  5 frilled lizards
  12 goblins
  17 kobolds
  A kobold zombie (Ossuary)
  3 orc zombies (Ossuary)
  2 rats
350 creatures vanquished.

Notes
Turn   | Place    | Note
-------+----------+-------------------------------------------
     0 | D:1      | hawla the Minotaur Fighter began the quest for the Orb.
     0 | D:1      | Reached XP level 1. HP: 19/19 MP: 0/0
    71 | D:1      | Reached skill level 1 in Dodging
   103 | D:1      | Reached XP level 2. HP: 26/26 MP: 1/1
   768 | D:2      | Reached XP level 3. HP: 31/33 MP: 2/2
   998 | D:2      | Reached XP level 4. HP: 40/40 MP: 3/3
  1031 | D:2      | Identified the +7 war axe "Newt's Doom" {protect, Fly
                  | Str+2}
  1046 | D:2      | Reached skill level 5 in Shields
  1111 | D:2      | Found a snail-covered altar of Cheibriados.
  1689 | D:3      | Reached skill level 4 in Armour
  1717 | D:3      | Reached XP level 5. HP: 26/46 MP: 4/4
  1880 | D:3      | Found an ancient bone altar of Kikubaaqudgha.
  1885 | D:3      | Reached skill level 5 in Armour
  2315 | D:4      | Noticed Edmund
  2323 | D:4      | Killed Edmund
  2324 | D:4      | Reached skill level 6 in Armour
  2324 | D:4      | Reached XP level 6. HP: 40/52 MP: 5/5
  2443 | D:4      | Found a blossoming altar of Fedhas.
  2457 | D:4      | Found a bloodstained altar of Trog.
  2484 | D:4      | Reached skill level 7 in Armour
  2964 | D:4      | Noticed Blork the orc
  2970 | D:4      | Killed Blork the orc
  3038 | D:4      | Reached skill level 8 in Armour
  3038 | D:4      | Reached XP level 7. HP: 58/59 MP: 6/6
  3271 | D:5      | Entered Level 5 of the Dungeon
  3284 | D:5      | Reached skill level 9 in Armour
  3297 | D:5      | Identified a scroll of acquirement
  3297 | D:5      | Acquired a manual of Shields
  3402 | D:5      | Reached skill level 10 in Armour
  3819 | D:5      | Reached XP level 8. HP: 25/66 MP: 7/7
  4064 | D:5      | Found an opulent altar of Gozag.
  4098 | D:5      | Reached skill level 11 in Armour
  4521 | D:6      | Found a sparkling altar of Nemelex Xobeh.
  4630 | D:6      | Found a shimmering blue altar of Sif Muna.
  4647 | D:6      | Reached skill level 12 in Armour
  4960 | D:6      | Noticed Duvessa
  4961 | D:6      | Noticed Dowan
  4968 | D:6      | Killed Dowan
  4973 | D:6      | Killed Duvessa
  4974 | D:6      | Reached skill level 13 in Armour
  5588 | D:7      | Found a sand-covered staircase.
  5596 | D:7      | Reached XP level 9. HP: 71/71 MP: 8/8
  5607 | Ossuary  | Entered an ossuary
  5899 | D:7      | Reached skill level 14 in Armour
  5905 | D:7      | Reached skill level 1 in Evocations
  6060 | D:7      | Reached skill level 1 in Throwing
  6174 | D:7      | Found a staircase to the Ecumenical Temple.
  6382 | D:7      | Found a radiant altar of Vehumet.
  6450 | D:7      | Found a glowing silver altar of Zin.
  6492 | Temple   | Entered the Ecumenical Temple
  6513 | Temple   | Became a worshipper of Makhleb the Destroyer
  6592 | D:7      | Found a broken altar of Ashenzari.
  6763 | D:7      | Found a runed translucent door.
  6764 | D:7      | Noticed Crazy Yiuf
  6841 | D:7      | Killed Crazy Yiuf
  6882 | D:8      | Found Usup's Antique Weapon Shop.
  6889 | D:8      | Reached skill level 5 in Throwing
  6977 | D:8      | Reached skill level 1 in Invocations
  6992 | D:8      | Found a flagged portal.
  7027 | Bailey   | Entered a bailey
  7081 | Bailey   | Reached * piety under Makhleb
  7176 | Bailey   | Reached XP level 10. HP: 55/78 MP: 10/10
  7267 | Bailey   | Noticed an orc knight
  7289 | Bailey   | Killed an orc knight
  7399 | Bailey   | Identified the -2 helmet of a sewer {rPois Str-3 Int-5
                  | Slay+5}
  7549 | D:8      | Noticed Gastronok
  7564 | D:8      | Reached skill level 5 in Invocations
  7566 | D:8      | Killed Gastronok
  8568 | D:9      | Reached ** piety under Makhleb
  8619 | D:9      | Found a shadowy altar of Dithmenos.
  9083 | D:8      | Bought a glowing hand axe for 156 gold pieces
  9131 | D:10     | Entered Level 10 of the Dungeon
  9131 | D:10     | Noticed a cyan ugly thing
  9158 | D:10     | Noticed a manticore
  9169 | D:10     | Killed a manticore
  9170 | D:10     | Reached XP level 11. HP: 57/84 MP: 17/17
  9194 | D:10     | Noticed an ogre mage
  9208 | D:10     | Killed an ogre mage
  9209 | D:10     | Reached skill level 10 in Invocations
  9225 | D:10     | Identified the amulet of Xanaon {Acrobat rF++ Regen+ rCorr
                  | Dex+2}
  9244 | D:10     | Killed a cyan ugly thing
  9318 | D:11     | Noticed a two-headed ogre
  9327 | D:11     | Killed a two-headed ogre
  9351 | D:11     | Reached skill level 15 in Armour
  9361 | D:11     | Noticed a two-headed ogre
  9371 | D:11     | Killed a two-headed ogre
  9435 | D:11     | Found a glowing golden altar of the Shining One.
  9559 | D:10     | Identified the +0 plate armour of Going Fast {rPois Str+2}
  9584 | D:10     | Reached skill level 16 in Armour
  9646 | D:10     | Noticed Joseph
  9655 | D:10     | Killed Joseph
  9760 | D:10     | Noticed a two-headed ogre
  9771 | D:10     | Killed a two-headed ogre
  9771 | D:10     | Reached *** piety under Makhleb
  9881 | D:10     | Reached skill level 17 in Armour
 10203 | D:11     | Noticed a boulder beetle
 10242 | D:11     | Killed a boulder beetle
 10437 | D:11     | Reached XP level 12. HP: 91/91 MP: 18/18
 10496 | D:11     | Found a staircase to the Lair.
 10513 | D:11     | Noticed a two-headed ogre
 10521 | D:11     | Killed a two-headed ogre
 10539 | D:11     | Found a staircase to the Orcish Mines.
 10555 | D:11     | Reached skill level 18 in Armour
 10608 | D:11     | Reached skill level 5 in Fighting
 10720 | D:11     | Noticed a two-headed ogre
 10728 | D:11     | Killed a two-headed ogre
 11085 | D:12     | Noticed a two-headed ogre
 11097 | D:12     | Killed a two-headed ogre
 11098 | D:12     | Reached skill level 5 in Dodging
 11130 | D:12     | Found a transporter.
 11133 | D:12     | Found an ornate altar of the Wu Jian Council.
 11133 | D:12     | Noticed a vault warden
 11485 | D:12     | You are sucked into a shaft and drop 1 floor!
 11541 | D:13     | Noticed a six-headed hydra
 11716 | D:12     | Found an ornate altar of the Wu Jian Council.
 11716 | D:12     | Found a transporter.
 11761 | D:12     | Found a transporter.
 11770 | D:12     | Found a transporter.
 11770 | D:12     | Noticed a vault guard
 11771 | D:12     | Noticed a vault guard
 12135 | D:13     | Reached **** piety under Makhleb
 12251 | D:13     | Noticed a boulder beetle
 12260 | D:13     | Killed a boulder beetle
 12319 | D:13     | a shining eye changed into a two-headed ogre
 12319 | D:13     | Noticed a two-headed ogre (glowing shapeshifter)
 12320 | D:13     | a two-headed ogre changed into a water nymph
 12322 | D:13     | Found a gate to the Vaults.
 12322 | D:13     | a goliath frog changed into a two-headed ogre
 12322 | D:13     | Noticed a two-headed ogre (glowing shapeshifter)
 12323 | D:13     | a two-headed ogre changed into something unseen
 12327 | D:13     | Reached XP level 13. HP: 58/102 MP: 21/21
 12847 | D:14     | Annihilated by a white ugly thing

Illustrated notes

Levels and vault maps discovered:
D:1:      dpeg_arrival_long_road, layout_basic, minivault_19
D:2:      layout_loops_ring, basic_altar, minmay_vboxes
D:3:      layout_rooms, mainiacjoe_overflow_six_doors_small,
          grunt_decor_fettered
D:4:      layout_basic, mainiacjoe_overflow_catwalk_spiral, uniq_edmund,
          uniq_blork_the_orc
D:5:      layout_gridville, lemuel_doored_altar, nicolae_figureground_sparkle
D:6:      layout_gridville, nemelex_spade_bored_becter,
          mainiacjoe_overflow_24_doors, uniq_duvessa
D:7:      layout_loops_cross, mainiacjoe_overflow_tiny_flanked,
          mainiacjoe_overflow_alcove_1, mainiacjoe_overflow_alcove_2,
          minmay_temple_entry_trees, serial_aquarium,
          aquarium_bridge_long_joined [aquarium_subvault_wall,
          aquarium_subvault_window, aquarium_subvault_window,
          aquarium_subvault_bridge, aquarium_subvault_wall,
          aquarium_subvault_bridge], aquarium_bridge_square
          [aquarium_subvault_bridge, aquarium_subvault_wall,
          aquarium_subvault_bridge, aquarium_subvault_bridge],
          aquarium_window_fake, aquarium_window_1, aquarium_window_1,
          aquarium_view_2b, aquarium_balcony_3b, aquarium_pool_five,
          enter_ossuary_1, minivault_14, uniq_crazy_yiuf_cottage
D:8:      layout_layer_cave, serial_shops, nicolae_shop_advertising_works
          [nicolae_subvault_shop_adworks], enter_bailey_3,
          nicolae_straight_to_the_point, uniq_gastronok
D:9:      layout_basic, nicolae_dithmenos_shadow_blocks
D:10:     cheibrodos_elevator_heist, layout_long_grid, uniq_joseph
D:11:     layout_irregular_city, lair_entry_dummy, david_orc_1_choice,
          nicolae_tso_carved_into_rock
D:12:     dreamdust_wu_jian_sword_trials, layout_stronghold, serial_demonic,
          serial_demonic_e, serial_demonic_g, serial_demonic_c, serial_demonic_c
D:13:     layout_roguey, david_vaults_2, billiards_dpeg
D:14:     layout_rooms
Temple:   chequers_temple_sunken

Skill      XL: |  1  2  3  4  5  6  7  8  9 10 11 12 13 |
---------------+----------------------------------------+-----
Dodging        | 1 3 7 |  7.0
Fighting       | 4 6 |  6.0
Shields        | 4 5 |  5.0
Armour         | 4 6 8 10 13 14 17 18 | 18.0
Evocations     | 3 |  3.0
Throwing       | 6 |  6.0
Invocations    | 2 9 10 12 13 | 13.7
Axes           | |  2.4

Action                     |  1- 3 |  4- 6 |  7- 9 | 10-12 | 13-15 || total
---------------------------+-------+-------+-------+-------+-------++-------
  Melee: War axe           |    74 |    96 |   251 |   482 |    84 ||   987
         Headbutt          |    13 |    12 |    36 |   124 |    18 ||   203
  Throw: Dart              |       |       |       |    23 |    11 ||    34
  Evoke: Wand              |       |       |       |    13 |     5 ||    18
    Use: Scroll            |       |     2 |    18 |    15 |     1 ||    36
         Potion            |       |       |     2 |     2 |       ||     4
 Armour: Scale mail        |    44 |    16 |       |       |       ||    60
         Chain mail        |       |    54 |   268 |    47 |       ||   369
         Crystal plate arm |       |       |       |   789 |   190 ||   979
  Dodge: Dodged            |    39 |    39 |   159 |   293 |    65 ||   595
  Block: Buckler           |    18 |    19 |    80 |   166 |    41 ||   324
